 Dungeon Sprint DCSS version 0.23-a0-694-g178e528 (webtiles) character file.

375 TheOrbIsALie the Arsonist (level 6, 0/41 HPs)
             Began as a Demonspawn Fire Elementalist on Jan 11, 2019.
             Was an Elder of Sif Muna.
             Slain by a freezing wraith (9 damage)
             ... in the Dungeon (Sprint VII: "The Pits").
             The game lasted 00:03:35 (970 turns).

TheOrbIsALie the Arsonist (DsFE)                     Turns: 970, Time: 00:03:36

Health: 0/41       AC:  8    Str:  9    XL:     6   Next: 44%
Magic:  0/9        EV: 10    Int: 18    God:    Sif Muna [****..]
Gold:   0          SH:  0    Dex: 13    Spells: 8/9 levels left

rFire    . . .     SeeInvis .   n - +2 quarterstaff
rCold    . . .     Gourm    .   (shield currently unavailable)
rNeg     . . .     Faith    .   p - +3 ring mail
rPois    .         Spirit   +   (no helmet)
rElec    .         Reflect  .   (no cloak)
rCorr    .         Harm     .   (no gloves)
MR       .....     NoTele   +   (no boots)
Stlth    +.........             (no amulet)
HPRegen  0.13/turn              (no ring)
MPRegen  0.11/turn              (no ring)

@: slowed, very slow
A: talons 1, magic shield, rot immunity
a: Divine Energy, Channel Magic, Forget Spell, Renounce Religion


You were in the Dungeon.
You worshipped Sif Muna.
Sif Muna was greatly pleased with you.
You were not hungry.

You visited 1 branch

Inventory:

Hand Weapons
 n - a +2 quarterstaff (weapon)
Armour
 a - a +0 robe
 p - a +3 ring mail (worn)
Magical Staves
 m - an uncursed staff of energy
Scrolls
 i - a scroll of blinking
 j - 3 scrolls of remove curse
 k - 5 scrolls of amnesia
 l - a scroll of summoning
Potions
 b - 2 potions of invisibility
 d - 6 potions of curing
 e - 4 potions of heal wounds
 f - 2 potions of haste
 g - 3 potions of magic
 h - 2 potions of berserk rage
Comestibles
 c - 9 rations


   Skills:
 - Level 1.7 Dodging
 - Level 1.7 Stealth
 - Level 2.0 Spellcasting
 - Level 4.2 Conjurations
 + Level 12.1 Fire Magic


You had 8 spell levels left.
You knew the following spells:

 Your Spells              Type           Power        Failure   Level  Hunger
a - Flame Tongue          Conj/Fire      ####.        1%          1    #......

Your spell library contained the following spells:

 Spells                   Type           Power        Failure   Level  Hunger
 Throw Flame              Conj/Fire      ####..       2%          2    ###....
 Conjure Flame            Conj/Fire      ####....     5%          3    ###....
 Inner Flame              Hex/Fire       ###.....     12%         3    ###....
 Sticky Flame             Conj/Fire      ####....     17%         4    #####..
 Fireball                 Conj/Fire      ####......   43%         5    ######.


Dungeon Overview and Level Annotations

Branches:
Dungeon (1/1)

Altars:
Ashenzari
Cheibriados
Dithmenos
Elyvilon
Fedhas
Gozag
Hepliaklqana
Kikubaaqudgha
Makhleb
Nemelex Xobeh
Okawaru
Qazlal
Ru
Sif Muna
Trog
Uskayaw
Vehumet
Wu Jian
Xom
Yredelemnul
Zin
The Shining One
Beogh
Jiyva
Lugonu


Innate Abilities, Weirdness & Mutations

You have sharp toenails.
When hurt, damage is shared between your health and your magic reserves.
You are immune to rotting.


Message History

Casting: Flame Tongue (safe; 1% risk of failure)
Confirm with . or Enter, or press ? or * to list all spells.
Aiming: Flame Tongue (safe; 1% risk of failure)
Press: ? - help, Shift-Dir - straight line, f/p - freezing wraith
Aim: a freezing wraith (heavily damaged)
The flame tongue hits the freezing wraith.
The freezing wraith appears unharmed.
The freezing wraith is heavily damaged.
The freezing wraith hits you. The freezing wraith freezes you!
The freezing wraith barely misses you. The freezing wraith hits you.
The freezing wraith freezes you!
* * * LOW HITPOINT WARNING * * *
The freezing wraith hits you.
* * * LOW HITPOINT WARNING * * *
The freezing wraith drains your vigour!
You feel as though you will be slow longer.
You feel much better. The freezing wraith hits you!
* * * LOW HITPOINT WARNING * * *
The freezing wraith freezes you!
You die...

#.#........##.......#
#'###########.......#
#..#.#.## #########
#.......# ##.#.#.##
#.......#+#
##.#.#.##.+
#.......#W#
##.#.#..'@#
##########


You could see a freezing wraith.

Vanquished Creatures
  A warg (D)
  A phantom (D)
  Blork the orc (D)
  2 iron imps (D)
  Jessica (D)
  A gnoll (D)
  An ooze (D)
  An adder zombie (D)
  A leopard gecko (D)
  2 orcs (D)
  A bat skeleton (D)
  2 ball pythons (D)
  A goblin (D)
16 creatures vanquished.

Notes
Turn   | Place    | Note
-------+----------+-------------------------------------------
     0 | D        | TheOrbIsALie the Demonspawn Fire Elementalist began the
                  | quest for the Orb.
     0 | D        | Reached XP level 1. HP: 13/13 MP: 3/3
    11 | D        | Gained mutation: You are immune to rotting. [demonic
                  | ancestry]
    11 | D        | Reached XP level 2. HP: 19/19 MP: 0/5
    75 | D        | Found a bloodstained altar of Trog.
    75 | D        | Found a deep blue altar of Sif Muna.
    75 | D        | Found a viscous altar of Jiyva.
    75 | D        | Found a hazy altar of Hepliaklqana.
    75 | D        | Found an opulent altar of Gozag.
    76 | D        | Found a glowing golden altar of the Shining One.
    76 | D        | Found a glowing silver altar of Zin.
    76 | D        | Found a basalt altar of Yredelemnul.
    76 | D        | Found a shimmering altar of Xom.
    76 | D        | Found an ornate altar of the Wu Jian Council.
    76 | D        | Found a sacrificial altar of Ru.
    76 | D        | Found a stormy altar of Qazlal.
    76 | D        | Found an iron altar of Okawaru.
    76 | D        | Found a sparkling altar of Nemelex Xobeh.
    76 | D        | Found a burning altar of Makhleb.
    76 | D        | Found a blossoming altar of Fedhas.
    76 | D        | Found a white marble altar of Elyvilon.
    76 | D        | Found a shadowy altar of Dithmenos.
    76 | D        | Found a snail-covered altar of Cheibriados.
    79 | D        | Found a corrupted altar of Lugonu.
    79 | D        | Found a radiant altar of Vehumet.
    79 | D        | Found a roughly hewn altar of Beogh.
    80 | D        | Found an ancient bone altar of Kikubaaqudgha.
    80 | D        | Found a hide-covered altar of Uskayaw.
    80 | D        | Found a shattered altar of Ashenzari.
    83 | D        | Became a worshipper of Sif Muna the Loreminder
    91 | D        | Reached skill level 3 in Fire Magic
   306 | D        | Reached skill level 4 in Fire Magic
   309 | D        | Reached * piety under Sif Muna
   514 | D        | Noticed Blork the orc
   514 | D        | Noticed a phantom
   533 | D        | Killed Blork the orc
   533 | D        | Reached ** piety under Sif Muna
   533 | D        | Reached skill level 7 in Fire Magic
   533 | D        | Reached XP level 3. HP: 16/24 MP: 0/6
   533 | D        | Gained mutation: When hurt, damage is shared between your
                  | health and your magic reserves. [demonic ancestry]
   533 | D        | Reached XP level 4. HP: 20/30 MP: 0/7
   534 | D        | Reached skill level 8 in Fire Magic
   544 | D        | Killed a phantom
   544 | D        | Reached *** piety under Sif Muna
   544 | D        | Reached skill level 10 in Fire Magic
   544 | D        | Reached XP level 5. HP: 8/35 MP: 1/8
   544 | D        | Noticed Jessica
   600 | D        | Killed Jessica
   636 | D        | Noticed a warg
   804 | D        | Killed a warg
   804 | D        | Reached **** piety under Sif Muna
   804 | D        | Reached skill level 11 in Fire Magic
   804 | D        | Gained mutation: You have sharp toenails. [demonic
                  | ancestry]
   804 | D        | Reached XP level 6. HP: 41/41 MP: 4/9
   865 | D        | Reached skill level 12 in Fire Magic
   964 | D        | Noticed a freezing wraith
   970 | D        | Slain by a freezing wraith

Vault maps used:
D:        pitsprint

Skill      XL: |  1  2  3  4  5  6 |
---------------+-------------------+-----
Conjurations   | 4 |  4.2
Fire Magic     | 7 10 11 12 | 12.1
Dodging        | |  1.7
Stealth        | |  1.7
Spellcasting   | |  2.0

Action                   |  1- 3 |  4- 6 || total
-------------------------+-------+-------++-------
Melee: Quarterstaff      |     2 |    24 ||    26
       Staff             |     1 |       ||     1
       Kick              |       |     4 ||     4
 Cast: Flame Tongue      |    27 |    11 ||    38
  Use: Potion            |     1 |     3 ||     4
 Stab: Sleeping          |     1 |       ||     1
Armor: Robe              |     2 |       ||     2
       Ring mail         |       |    10 ||    10
Dodge: Dodged            |    11 |    10 ||    21

Table legend:
 A = Non-vault XP
 B = Vault XP
 C = Vault XP percentage of total XP
 D = Non-vault monster count
 E = Vault monster count
 F = Vault count percentage of total count
                 A         B        C        D         E       F
            +---------+---------+-------+---------+---------+-------
      Total |       0 |     536 | 100.0 |       0 |      16 | 100.0
            +---------+---------+-------+---------+---------+-------
          D |       0 |     536 | 100.0 |       0 |      16 | 100.0
            +---------+---------+-------+---------+---------+-------
